 Dungeon Crawl Stone Soup version 0.18-a0-1747-g18c4181 (webtiles) character file.

17320 warlockg3 the Carver (level 12, -6/96 HPs)
             Began as a Demonspawn Fighter on Apr 12, 2016.
             Was a High Priest of Makhleb.
             Mangled by an Executioner (7 damage)
             ... summoned by the player character
             ... on level 2 of the Orcish Mines.
             The game lasted 00:58:33 (12160 turns).

warlockg3 the Carver (Demonspawn Fighter)          Turns: 12160, Time: 00:58:34

Health: -6/96      AC: 29    Str: 20    XL:     12   Next: 17%
Magic:  0/12       EV:  7    Int: 10    God:    Makhleb [*****.]
Gold:   433        SH:  0    Dex: 14    Spells: 0 memorised, 11 levels left

rFire  + . .     SeeInvis +     l - +2 great sword (slice)
rCold  + . .     Gourm    .     f - +0 plate armour
rNeg   . . .     Faith    .     (shield currently unavailable)
rPois  +         Spirit   +     (helmet unavailable)
rElec  .         Dismiss  .     p - +0 cloak
rCorr  +         Reflect  .     i - +1 pair of gloves
SustAt .         Harm     +     G - +2 pair of boots {run}
MR     .....     Rnd*Rage +     r - amulet of harm
Stlth  ..........               (no ring)
                                x - +4 ring of protection

@: drained, quick, not resistant to hostile enchantments, extremely unstealthy
A: antennae 3, talons 1, yellow scales 3, berserk 1, blink, cold resistance 1,
fire resistance 1, poison resistance, powered by death 1, screaming 1, magic
shield, magic regeneration, MP-powered wands
a: Blink, Minor Destruction, Lesser Servant of Makhleb, Major Destruction,
Greater Servant of Makhleb, Renounce Religion


You were on level 2 of the Orcish Mines.
You worshipped Makhleb.
Makhleb was extremely pleased with you.
You were not hungry.

You visited 3 branches of the dungeon, and saw 15 of its levels.

You collected 788 gold pieces.
You spent 355 gold pieces at shops.

Inventory:

Hand Weapons
 e - a +0 whip of flaming
 l - a +2 great sword of slicing (weapon)
 w - a +7 falchion
 C - a +0 glaive
 I - a +2 falchion of slicing
Armour
 a - a +2 hat
 b - a +0 scale mail
 f - a +0 plate armour (worn)
 g - a cursed +0 animal skin
 i - a +1 pair of gloves (worn)
 p - a +0 cloak (worn)
 G - a +2 pair of boots of running (worn)
Magical Staves
 c - an uncursed staff of summoning {unknown}
Jewellery
 r - an amulet of harm (around neck)
 x - a +4 ring of protection (left hand)
Wands
 o - a wand of flame (18/48)
 s - a wand of flame (32/48)
 A - a wand of digging (18/24)
 K - a wand of acid (3/15)
 M - a wand of iceblast (9/15)
 N - a wand of iceblast (5/15)
 O - a wand of flame (21/48)
 Q - a wand of teleportation (2/9)
Scrolls
 h - 5 scrolls of fear
 m - 7 scrolls of remove curse
 q - 7 scrolls of identify
 t - 5 scrolls of teleportation
 u - a scroll of noise {unknown}
 L - a scroll of blinking {unknown}
 P - a scroll of enchant weapon
Potions
 d - 2 potions of haste {unknown}
Books
 v - a book of Dreams

   Spells                             Type                      Level
   a - Ensorcelled Hibernation        Hexes/Ice                    2
   b - Silence                        Hexes/Air                    5
   c - Darkness                       Hexes                        6
   d - Shadow Creatures               Summoning                    6
 B - a book of Enchantments

   Spells                             Type                      Level
   a - Cause Fear                     Hexes                        4
   b - Yara's Violent Unravelling     Hexes/Transmutation          5
   c - Silence                        Hexes/Air                    5
   d - Deflect Missiles               Charms/Air                   6
   e - Haste                          Charms                       6
   f - Discord                        Hexes                        8
 F - an Akashic Record

   Spells                             Type                      Level
   a - Dispersal                      Translocation                6
   b - Malign Gateway                 Summoning/Translocation      7
   c - Disjunction                    Translocation                8
   d - Controlled Blink               Translocation                8
 H - a book of Party Tricks

   Spells                             Type                      Level
   a - Summon Butterflies             Summoning                    1
   b - Apportation                    Translocation                1
   c - Tukima's Dance                 Hexes                        3
   d - Alistair's Intoxication        Transmutation/Poison         5
   e - Invisibility                   Hexes                        6
 J - a book of Death

   Spells                             Type                      Level
   a - Corpse Rot                     Necromancy                   2
   b - Sublimation of Blood           Necromancy                   2
   c - Agony                          Necromancy                   5
   d - Dispel Undead                  Necromancy                   5
   e - Excruciating Wounds            Charms/Necromancy            5
   f - Bolt of Draining               Conjuration/Necromancy       5
Miscellaneous
 j - a phial of floods (inert)
 y - an ornate deck of defence {drawn: 1}
Comestibles
 k - a beef jerky
 z - 7 meat rations
 D - 3 slices of pizza
 E - 2 bread rations
 R - 2 fruits


   Skills:
 + Level 9.5(9.4) Fighting
 + Level 10.8 Long Blades
 + Level 9.2 Armour
 + Level 2.9(2.8) Dodging
 + Level 1.6(1.5) Stealth
   Level 8.9 Shields
 + Level 0.6 Invocations
 + Level 0.2(0.1) Evocations


You had 11 spell levels left.
You didn't know any spells.

Dungeon Overview and Level Annotations

Branches:
Dungeon (12/15)            Temple (1/1) D:6            Lair (0/8) D:8
    Orc (2/2) D:12
    Elf: Orc:2

Altars:
Ashenzari
Cheibriados
Dithmenos
Elyvilon
Fedhas
Gozag
Kikubaaqudgha
Makhleb
Nemelex Xobeh
Okawaru
Pakellas
Qazlal
Ru
Sif Muna
Trog
Vehumet
Xom
Yredelemnul
Zin
The Shining One
Beogh

Shops:
D:4 [   D:7 :   D:8 [![   D:9 *   D:11 =

Annotations:
D:10 exclusion: 2 statues
Orc:2 Snorg


Innate Abilities, Weirdness & Mutations

You have a pair of large antennae on your head (SInv).
You are completely covered in yellow scales (AC +4, rCorr).
You regenerate a little health from kills.
When hurt, damage is shared between your health and your magic reserves.
You regenerate magic rapidly.
You have sharp toenails.
You tend to lose your temper in combat.
You can translocate small distances at will.
Your flesh is cold resistant.
Your flesh is heat resistant.
Your system is resistant to poisons.
You occasionally shout uncontrollably at your foes.
You expend magic power (3 MP) to strengthen your wands.


Message History

* * * LOW HITPOINT WARNING * * *
The Executioner hits you but does no damage.
The Executioner hits you!
* * * LOW HITPOINT WARNING * * *
The Executioner hits you but does no damage. x2
Drink which item? (? for menu, Esc to quit)
You feel much better.
You feel less regenerative.
The Executioner hits you but does no damage.
The Executioner barely misses you. The Executioner hits you.
* * * LOW HITPOINT WARNING * * *
The Executioner hits you but does no damage. x3
The Executioner hits you!
* * * LOW HITPOINT WARNING * * *
The Executioner hits you but does no damage. x2
Snorg barely misses you. Snorg claws you but does no damage. Snorg claws you.
* * * LOW HITPOINT WARNING * * *
The Executioner hits you but does no damage. x3
Snorg goes berserk!
The Executioner hits you.
You die...

...............$
.................
.....$.....O.....
........[...O#
.........)T.O##
.$.....OOC#...#
....#..To..O.###
.......1OC.....#
.......@O.......#
.........#.....##
......#.####..##
######### ###


You could see Snorg (berserk), an Executioner, a hill giant, a cyclops, a troll,
3 two-headed ogres, an orc warrior and 4 ogres.

Vanquished Creatures
  Gastronok (D:9)
  The ghost of inmateoo the Cleaver, a novice MiNe of Okawaru (D:9)
  Pikel (D:4)
  The ghost of lolka the Spear-Bearer, a novice CeFi of Okawaru (D:5)
  2 hill giants
  3 ugly things
  A cyclops (D:10)
  2 centaur skeletons (D:12)
  A komodo dragon (D:10)
  3 trolls
  The ghost of Qrupt the Ruffian, an amateur DrTm of Cheibriados (D:4)
  4 wyverns
  A human (D:7)
  19 yaks (D:12)
  Eustachio (D:5)
  A hungry ghost (D:11)
  Edmund (D:5)
  A basilisk (D:11)
  A hippogriff (D:10)
  A mottled dragon (D:12)
  2 soldier ants
  A warg (Orc:1)
  5 water moccasins
  5 sky beasts
  A black bear (D:12)
  An ice beast (D:10)
  8 orc warriors
  A slave (D:4)
  6 ogres
  A phantom (D:9)
  A crocodile (D:12)
  5 centaurs
  2 big kobolds
  6 giant frogs
  A water moccasin skeleton (D:8)
  3 killer bees (D:9)
  A scorpion (D:4)
  An electric eel (D:8)
  2 howler monkeys (D:9)
  A giant frog zombie (D:11)
  A centaur zombie (D:9)
  9 crimson imps
  2 quasits
  5 hounds
  3 jellies
  9 orc priests
  11 orc wizards
  2 giant frog skeletons
  5 worker ants
  Natasha (twice) (D:2)
  4 sheep (D:7)
  A hound skeleton (D:9)
  A mummy (D:5)
  2 gnolls (D:8)
  11 adders
  4 shadow imps
  3 oozes
  An adder skeleton (D:4)
  4 worms (D:3)
  A dart slug (D:1)
  4 giant geckos
  39 orcs
  7 bats
  3 giant cockroaches
  8 goblins
  4 hobgoblins
  6 jackals
  7 kobolds
  6 quokkas
  2 ball pythons (D:1)
  3 giant newts
  A quokka skeleton (D:4)
  8 rats
280 creatures vanquished.

Vanquished Creatures (others)
  An ice dragon (D:4)
  A ball python (D:4)
  8 fungi (D:12)
10 creatures vanquished.

Grand Total: 290 creatures vanquished

Notes
Turn   | Place    | Note
--------------------------------------------------------------
     0 | D:1      | warlockg3 the Demonspawn Fighter began the quest for the Orb.
     0 | D:1      | Reached XP level 1. HP: 18/18 MP: 1/1
    99 | D:1      | Gained mutation: When hurt, damage is shared between your health and your magic reserves. [demonic ancestry]
    99 | D:1      | Reached XP level 2. HP: 7/24 MP: 2/2
   313 | D:1      | Reached skill level 2 in Long Blades
   872 | D:2      | Reached XP level 3. HP: 29/29 MP: 3/3
  1411 | D:2      | Noticed Natasha
  1417 | D:2      | Killed Natasha
  1417 | D:2      | Reached XP level 4. HP: 35/35 MP: 4/4
  1709 | D:2      | Noticed Natasha
  1718 | D:2      | HP: 1/35 [Natasha (5)]
  1720 | D:2      | Killed Natasha
  1720 | D:2      | Reached skill level 1 in Dodging
  2372 | D:3      | Gained mutation: You have a pair of small antennae on your head. [demonic ancestry]
  2372 | D:3      | Reached XP level 5. HP: 27/41 MP: 3/5
  2554 | D:3      | Found a shattered altar of Ashenzari.
  3006 | D:3      | Found a sparkling altar of Nemelex Xobeh.
  3283 | D:4      | Noticed a slave
  3286 | D:4      | Noticed a slave
  3290 | D:4      | Noticed Pikel
  3292 | D:4      | Noticed a slave
  3303 | D:4      | Killed a slave
  3313 | D:4      | Killed Pikel
  3313 | D:4      | Reached skill level 4 in Long Blades
  3313 | D:4      | Gained mutation: You are partially covered in yellow scales (AC +2). [demonic ancestry]
  3313 | D:4      | Reached XP level 6. HP: 48/48 MP: 6/6
  3313 | D:4      | Gained mutation: You have a pair of antennae on your head. [demonic ancestry]
  3313 | D:4      | Reached XP level 7. HP: 54/54 MP: 7/7
  3525 | D:4      | Found Yfui's Armour Emporium.
  3757 | D:4      | Found an oddly glowing altar of Pakellas.
  3757 | D:4      | Noticed an ice dragon
  3767 | D:4      | Killed an ice dragon
  3930 | D:4      | Reached skill level 5 in Armour
  3961 | D:4      | Found a shadowy altar of Dithmenos.
  3991 | D:4      | Noticed Qrupt's ghost (amateur DrTm)
  4035 | D:4      | Killed Qrupt's ghost
  4035 | D:4      | Reached skill level 5 in Shields
  4035 | D:4      | Gained mutation: You are mostly covered in yellow scales (AC +3). [demonic ancestry]
  4035 | D:4      | Reached XP level 8. HP: 44/61 MP: 6/8
  4179 | D:5      | Entered Level 5 of the Dungeon
  4179 | D:5      | Noticed Eustachio
  4213 | D:5      | Killed Eustachio
  4435 | D:5      | Noticed Edmund
  4440 | D:5      | Noticed lolka's ghost (novice CeFi)
  4458 | D:5      | Killed lolka's ghost
  4458 | D:5      | Reached skill level 5 in Fighting
  4458 | D:5      | Reached skill level 5 in Long Blades
  4500 | D:5      | Killed Edmund
  4500 | D:5      | Gained mutation: You regenerate a little health from kills. [demonic ancestry]
  4500 | D:5      | Reached XP level 9. HP: 51/68 MP: 7/9
  4636 | D:5      | Found a sand-covered staircase.
  4715 | D:5      | Found a deep blue altar of Sif Muna.
  4796 | D:5      | Found a sacrificial altar of Ru.
  5243 | D:6      | Found a staircase to the Ecumenical Temple.
  5263 | Temple   | Entered the Ecumenical Temple
  5685 | Temple   | Became a worshipper of Makhleb the Destroyer
  5833 | D:7      | Found a blossoming altar of Fedhas.
  5986 | D:7      | Reached skill level 6 in Long Blades
  6202 | D:7      | Found Udiadeo's Book Boutique.
  6360 | D:7      | Found an oddly glowing altar of Pakellas.
  6570 | D:8      | Found Fahybb's Armour Shoppe.
  6574 | D:8      | Found Engy's Distillery.
  6595 | D:8      | Reached * piety under Makhleb
  6713 | D:8      | Found a staircase to the Lair.
  6756 | D:8      | Found a shimmering altar of Xom.
  6776 | D:8      | Found Zyadear's Antique Armour Shop.
  6779 | D:8      | Bought a pair of glowing boots for 108 gold pieces
  6784 | D:8      | Identified a +2 pair of boots of running (You bought it in a shop on level 8 of the Dungeon)
  6964 | D:8      | Found a shattered altar of Ashenzari.
  7129 | D:8      | Gained mutation: You can translocate small distances at will. [mutagenic meat]
  7130 | D:8      | Gained mutation: Your flesh is cold resistant. [mutagenic meat]
  7131 | D:8      | Gained mutation: You occasionally shout uncontrollably at your foes. [mutagenic meat]
  7212 | D:8      | Found an iron altar of Okawaru.
  7251 | D:8      | Gained mutation: You are completely covered in yellow scales (AC +4, rCorr). [demonic ancestry]
  7251 | D:8      | Reached XP level 10. HP: 62/77 MP: 6/10
  7481 | D:9      | Noticed a hill giant
  7499 | D:9      | Killed a hill giant
  7505 | D:9      | Gained mutation: Your mind is acute. (Int +2) [potion of mutation]
  7505 | D:9      | Gained mutation: You tend to lose your temper in combat. [potion of mutation]
  7505 | D:9      | Gained mutation: Your system is resistant to poisons. [potion of mutation]
  7561 | D:9      | Noticed inmateoo's ghost (novice MiNe)
  7612 | D:9      | Killed inmateoo's ghost
  7612 | D:9      | Reached ** piety under Makhleb
  7612 | D:9      | Reached skill level 7 in Long Blades
  7721 | D:9      | Found a blossoming altar of Fedhas.
  7745 | D:9      | Found Jaubol's Assorted Antiques.
  7813 | D:9      | Bought a glowing great sword for 247 gold pieces
  7947 | D:9      | Noticed Gastronok
  7965 | D:9      | Killed Gastronok
  7965 | D:9      | Reached skill level 8 in Long Blades
  7965 | D:9      | Reached skill level 1 in Stealth
  8130 | D:9      | Gained mutation: You have a pair of large antennae on your head (SInv). [demonic ancestry]
  8130 | D:9      | Reached XP level 11. HP: 86/86 MP: 11/11
  8281 | D:10     | Entered Level 10 of the Dungeon
  8375 | D:10     | Noticed a hill giant
  8390 | D:10     | Killed a hill giant
  8507 | D:10     | Noticed a white ugly thing
  8525 | D:10     | Killed a white ugly thing
  8533 | D:10     | Gained mutation: You expend magic power (3 MP) to strengthen your wands. [mutagenic meat]
  8678 | D:10     | Noticed an archer statue
  8678 | D:10     | Noticed an archer statue
  9374 | D:10     | Reached skill level 9 in Long Blades
  9384 | D:10     | Reached *** piety under Makhleb
  9734 | D:11     | Lost mutation: Your mind is acute. (Int +2) [mutagenic meat]
  9735 | D:11     | Gained mutation: You have sharp toenails. [mutagenic meat]
 10026 | D:11     | Found a roughly hewn altar of Beogh.
 10893 | D:11     | Found Xoukae's Jewellery Shop.
 11227 | D:12     | Reached **** piety under Makhleb
 11310 | D:12     | Noticed a green ugly thing
 11337 | D:12     | Killed a green ugly thing
 11342 | D:12     | Reached skill level 10 in Long Blades
 11557 | D:12     | Gained mutation: You regenerate magic rapidly. [demonic ancestry]
 11557 | D:12     | Reached XP level 12. HP: 95/95 MP: 12/12
 11559 | D:12     | Found a staircase to the Orcish Mines.
 11614 | D:12     | Gained mutation: Your flesh is heat resistant. [mutagenic meat]
 11635 | D:12     | Reached ***** piety under Makhleb
 11921 | Orc:1    | Entered Level 1 of the Orcish Mines
 12142 | Orc:2    | Entered Level 2 of the Orcish Mines
 12145 | Orc:2    | Noticed Snorg
 12152 | Orc:2    | Noticed an Executioner
 12158 | Orc:2    | HP: 4/96 [Executioner[the player character] (16)]
 12159 | Orc:2    | HP: 1/96 [Snorg (2)]
 12160 | Orc:2    | Mangled by an Executioner

Vault maps used:
D:1:      minmay_arrival_floating_metal, minmay_cupped
D:2:      first_bread, uniq_natasha
D:3:      nemelex_altar_shiori, evilmike_ruin_ashenzari
D:4:      grunt_dithmenos_smoke, serial_shops, shop_fountains,
          gammafunk_pakellas_cloud_experiment, uniq_pikel
D:5:      marbit_many_paths, nicolae_ru_path_of_blood,
          gup_ossuary_entry_pyramid, uniq_edmund, uniq_eustachio
D:6:      temple_green
D:7:      kennysheep_little_box, basic_altar, serial_shops,
          nicolae_shop_statue_plus, grunt_livestock, wad_mini_maze
D:8:      lemuel_doored_altar, lemuel_round_altar, okawaru_altar_gauntlet_db,
          serial_shops, nicolae_shop_waterfront, kennysheep_mini_moat, shop,
          kennysheep_generic_room_12
D:9:      serial_shops, nicolae_shop_overgrown_old_shop, basic_altar,
          minivault_4, uniq_gastronok
D:10:     minmay_dual_archer_statues
D:11:     serial_shops, shop, david_defended_altar_orc
D:12:     orc_0_dummy, minmay_gold_behind_fungi
Temple:   minmay_temple_forest_path_12
Orc:1:    basic_altar, nicolae_orc_rockfall
Orc:2:    st_orc_open, uniq_snorg, uniq_maud, uniq_donald

Skill      XL: |  1  2  3  4  5  6  7  8  9 10 11 |
---------------+----------------------------------+-----
Armour         | 3 4 5 6 7 9 |  9.2
Long Blades    | 2 4 5 6 8 10 | 10.8
Shields        | 3 4 5 6 8 |  8.9
Dodging        | 1 2 |  2.9
Fighting       | 4 5 6 7 9 |  9.5
Stealth        | 1 |  1.6
Invocations    | |  0.6
Evocations     | |  0.2

Action                   |  1- 3 |  4- 6 |  7- 9 | 10-12 || total
-------------------------+-------+-------+-------+-------++-------
Melee: Long sword        |   107 |   176 |   344 |       ||   627
       Falchion          |       |       |   254 |   142 ||   396
       Great sword       |       |       |       |   398 ||   398
Invok: Minor Destruction |       |       |       |     1 ||     1
       Greater Servant o |       |       |       |     1 ||     1
Evoke: Hammer            |       |       |     1 |       ||     1
       Phial of floods   |       |       |       |     1 ||     1
  Use: Potion            |     1 |     2 |     6 |     7 ||    16
       Scroll            |       |       |     4 |     6 ||    10
 Stab: Invisible         |       |       |       |     3 ||     3
  Eat: Bread ration      |     1 |       |     2 |     1 ||     4
       Fruit             |       |     2 |     1 |     2 ||     5
       Beef jerky        |       |     1 |     1 |     3 ||     5
       Meat ration       |       |       |     1 |     1 ||     2
       Chunk             |       |       |     3 |     7 ||    10
       Pizza             |       |       |       |     4 ||     4
Armor: Scale mail        |    55 |       |       |       ||    55
       Plate armour      |    14 |   103 |   485 |   520 ||  1122
       Skin              |       |       |    17 |       ||    17
Dodge: Dodged            |    25 |    25 |   126 |   186 ||   362
Block: Shield            |    80 |    80 |   367 |    76 ||   603
